AoeStats
← erenyc77

Arena

510061883Analyzed
1v1 RM · 1d ago on Sep 29, 2026· 26m 25s· 2 players
Game mode
Random Map
Map size
Tiny (2 player)
Population
200
Speed
Normal
Resources
Standard
Victory
Conquest
Starting age
Dark Age
Ending age
Imperial Age
RankedLock teamsTeams togetherTeam positionsShared explorationLock speedFull tech treeHidden civsTurbo modeCheats
Victory
Defeat
🇹🇷 Turks · Türkiye
906
+13
🇪🇸 Koreans · Spain
844
-13
painixalbert
11:55 Feudal Age
10:56 Loom
16:04 Castle Age
16:35 Wheelbarrow
16:11 Double-Bit Axe
18:54 Bow Saw
erenyc77
11:48 Feudal Age
17:15 Castle Age
16:10 Double-Bit Axe
22:40 Imperial Age
Connection lost

Rejoining the realm…

Still unreachable

The connection could not be restored.

Session expired

The server has moved on; the page needs a fresh start.